 Dungeon Sprint DCSS version 0.27-a0-67-g4bfc8a49e1 (webtiles) character file.

Game seed: 14287688903045965207

27118 mhtbhm the Sorcerer (level 13, -4/64 HPs)
             Began as a Deep Elf Earth Elementalist on Jan 11, 2021.
             Was the Champion of Vehumet.
             Slain by the 27-headed Lernaean hydra (9 damage)
             ... in the Dungeon (Sprint III: "The Ten Rune Challenge").
             The game lasted 00:14:35 (3290 turns).

mhtbhm the Sorcerer (Deep Elf Earth Elementalist)   Turns: 3290, Time: 00:14:36

Health: -4/64      AC:  4    Str:  5    XL:     13   Next: 2%
Magic:  45/45      EV: 18    Int: 26    God:    Vehumet [******]
Gold:   2478       SH:  0    Dex: 17    Spells: 35/64 levels left

rFire    + + .     SeeInvis .   t - staff of earth
rCold    + + +     Faith    +   (no shield)
rNeg     . . .     Spirit   .   c - +2 robe {rC+ rF+}
rPois    .         Reflect  .   (no helmet)
rElec    .         Harm     .   w - scarf {rC+ rF+}
rCorr    .         Rampage  .   (no gloves)
Will     +....     Clarity  +   (no boots) Stlth ++++......NoTele +
                                a - amulet "Xamof" {Faith Dex+2 Stlth+}
HPRegen  0.20/turn              s - ring of protection from cold
MPRegen  0.29/turn              (no ring)

@: flying, hasted, very quick
A: hooves 1, repulsion field 1, clarity
a: Renounce Religion


You were in the Dungeon.
You worshipped Vehumet.
Vehumet was exalted by your worship.
You visited 1 branch You collected 2855 gold pieces.
You spent 377 gold pieces at shops.

Inventory:

Missiles
 b - a stone
 v - 7 curare-tipped darts
Armour
 c - a +2 robe of resistance (worn)
 u - the +2 cloak of the Thief {*Fog Slay-2 SInv Stlth+}
   (You found it in the Dungeon)

   It affects your accuracy and damage with ranged weapons and melee attacks
   (-2).
   It lets you see invisible.
   It makes you more stealthy.
 w - a scarf of resistance (worn)
Magical Staves
 t - an uncursed staff of earth (weapon)
Jewellery
 a - the amulet "Xamof" (around neck) {Faith Dex+2 Stlth+}
   (You found it in the Dungeon)

   [amulet of faith]

   It allows you to gain divine favour quickly.
   It affects your dexterity (+2).
   It makes you more stealthy.
 s - a ring of protection from cold (left hand)
Wands
 n - a wand of disintegration (11)
Scrolls
 d - 2 scrolls of holy word
 i - a scroll of blinking
 j - a scroll of fog
 l - 3 scrolls of remove curse
 o - a scroll of identify
 q - a scroll of amnesia {unknown}
Potions
 e - 4 potions of heal wounds
 g - 3 potions of magic
 h - 2 potions of berserk rage
 k - a potion of flight
 m - 5 potions of mutation
Miscellaneous
 p - a lightning rod (4/4)
 r - a condenser vane


   Skills:
 + Level 1.1 Fighting
 + Level 5.5 Dodging
 - Level 4.6 Stealth
 + Level 26.4 Spellcasting
 + Level 6.8 Conjurations
 + Level 3.5 Transmutations
 + Level 2.7 Air Magic
 + Level 23.0 Earth Magic
 + Level 3.5 Poison Magic
 + Level 5.0 Evocations


You had 35 spell levels left.
You knew the following spells:

 Your Spells              Type           Power        Failure   Level
a - Sandblast             Erth           100%         0%          1
b - Passwall              Tmut/Erth      84%          0%          2
c - Stone Arrow           Conj/Erth      100%         0%          3
d - Lee's Rapid Deconstr  Erth           62%          0%          5
e - Petrify               Tmut/Erth      100%         1%          4
f - Mephitic Cloud        Conj/Pois/Air  54%          1%          3
g - Bolt of Magma         Conj/Fire/Erth 46%          1%          5
h - Iron Shot             Conj/Erth      53%          1%          6

Your spell library contained the following spells:

 Spells                   Type           Power        Failure   Level
 Ozocubu's Refrigeration  Ice            17%          32%         6
 Magic Dart               Conj           100%         1%          1
 Shock                    Conj/Air       100%         1%          1
 Blink                    Tloc           N/A          1%          2
 Call Imp                 Summ           34%          1%          2
 Corpse Rot               Necr/Air       N/A          1%          2
 Poisonous Vapours        Pois/Air       100%         1%          2
 Slow                     Hex            34%          1%          2
 Conjure Flame            Conj/Fire      51%          1%          3
 Fireball                 Conj/Fire      25%          1%          5
 Lightning Bolt           Conj/Air       28%          1%          5
 Ozocubu's Armour         Ice            34%          2%          3
 Summon Lightning Spire   Summ/Air       41%          4%          4
 Summon Ice Beast         Ice/Summ       34%          9%          4
 Eringya's Noxious Bog    Tmut/Pois      25%          9%          6
 Summon Forest            Summ/Tloc      17%          24%         5
 Hydra Form               Tmut           25%          30%         6
 Summon Hydra             Summ           17%          100%        7


Dungeon Overview and Level Annotations

Branches:
Dungeon (1/1)

Altars:
Cheibriados
Dithmenos
Elyvilon
Fedhas
Gozag
Hepliaklqana
Kikubaaqudgha
Makhleb
Nemelex Xobeh
Okawaru
Qazlal
Ru
Sif Muna
Trog
Uskayaw
Vehumet
Wu Jian
Xom
Yredelemnul
Zin
The Shining One
Beogh
Jiyva
Lugonu

Shops:
D :![!

Annotations:
D Lernaean hydra


Innate Abilities, Weirdness & Mutations

You have large cloven feet.
You are surrounded by a mild repulsion field. (EV +2)
You possess an exceptional clarity of mind.


Message History

You feel yourself speed up.
You feel very buoyant.
You fly up into the air.
You hear a crashing sound.
You hear a roar!
The 27-headed Lernaean hydra bites you!
The 27-headed Lernaean hydra bites you. x2
The 27-headed Lernaean hydra misses you.
The 27-headed Lernaean hydra bites you! The 27-headed Lernaean hydra bites you.
The 27-headed Lernaean hydra misses you.
The 27-headed Lernaean hydra barely misses you.
The 27-headed Lernaean hydra bites you.
* * * LOW HITPOINT WARNING * * *
The 27-headed Lernaean hydra bites you!
* * * LOW HITPOINT WARNING * * *
The 27-headed Lernaean hydra barely misses you.
The 27-headed Lernaean hydra bites you.
* * * LOW HITPOINT WARNING * * *
The 27-headed Lernaean hydra misses you.
The 27-headed Lernaean hydra bites you but does no damage.
The 27-headed Lernaean hydra bites you!
You die...

♣♣.♣ ...φ#
♣.♣♣ ..D.#
♣.♣♣ ....#
♣..♣♣#≈..#
♣♣.♣♣.####♣♣
♣♣.♣♣.≈.≈.♣
♣♣.≈♣♣♣♣§♣.♣
♣...§.§§D≈≈♣
♣.≈≈≈§§@§P≈♣
♣.♣..§§§§≈.♣
♣♣♣♣♣♣♣♣§∩∩♣
♣♣♣♣♣


You could see the 27-headed Lernaean hydra.

Vanquished Creatures
  Rupert (D)
  A deep elf blademaster (D)
  Frances (D)
  Donald (D)
  4 deep elf annihilators (D)
  A deep elf death mage (D)
  A deep elf high priest (D)
  Erolcha (D)
  4 death yaks (D)
  Urug (D)
  2 swamp dragons (D)
  A lindwurm (D)
  6 deep elf magi (D)
  An orc sorcerer (D)
  2 black mambas (D)
  2 cane toads (D)
  A rime drake (D)
  A komodo dragon (D)
  2 tyrant leeches (D)
  3 wandering mushrooms (D)
  8 blink frogs (D)
  A shadow (D)
  5 redbacks (D)
  A spatial vortex (D)
  5 orc warriors (D)
  3 swamp drakes (D)
  A necrophage (D)
  5 two-headed ogres (D)
  A water elemental (D)
  A jelly (D)
  An orc priest (D)
  2 orc wizards (D)
  A wizard (D)
  A necromancer (D)
  A kobold demonologist (D)
  3 humans (D)
  An ooze (D)
  A phantom (D)
  9 orcs (D)
  3 rats (D)
91 creatures vanquished.

Vanquished Creatures (others)
  4 plants (D)
4 creatures vanquished.

Grand Total: 95 creatures vanquished

Notes
Turn   | Place    | Note
-------+----------+-------------------------------------------
     0 | D        | mhtbhm the Deep Elf Earth Elementalist began the quest for
                  | the Orb.
     0 | D        | Reached XP level 1. HP: 10/10 MP: 6/6
   203 | D        | Reached skill level 4 in Spellcasting
   203 | D        | Reached skill level 5 in Earth Magic
   203 | D        | Reached XP level 2. HP: 10/15 MP: 0/9
   206 | D        | Learned a level 2 spell: Passwall
   300 | D        | Gained mutation: You have large cloven feet. [potion of
                  | mutation]
   300 | D        | Gained mutation: You are surrounded by a mild repulsion
                  | field. (EV +2) [potion of mutation]
   300 | D        | Gained mutation: You possess an exceptional clarity of
                  | mind. [potion of mutation]
   375 | D        | Reached XP level 3. HP: 19/19 MP: 7/11
   407 | D        | Noticed a water elemental
   412 | D        | Killed a water elemental
   413 | D        | Reached skill level 6 in Spellcasting
   413 | D        | Reached XP level 4. HP: 24/24 MP: 7/14
   463 | D        | Found a radiant altar of Vehumet.
   463 | D        | Found a shimmering blue altar of Sif Muna.
   463 | D        | Found an ancient bone altar of Kikubaaqudgha.
   463 | D        | Noticed a wizard
   464 | D        | Killed a wizard
   465 | D        | Reached skill level 7 in Spellcasting
   471 | D        | Became a worshipper of Vehumet
   481 | D        | Learned a level 3 spell: Stone Arrow
   509 | D        | Found a basalt altar of Yredelemnul.
   509 | D        | Found a shadowy altar of Dithmenos.
   509 | D        | Found a sacrificial altar of Ru.
   509 | D        | Noticed a necrophage
   511 | D        | Killed a necrophage
   512 | D        | Reached skill level 9 in Spellcasting
   512 | D        | Reached XP level 5. HP: 28/28 MP: 13/18
   513 | D        | Reached skill level 10 in Earth Magic
   528 | D        | Learned a level 5 spell: Lee's Rapid Deconstruction
   533 | D        | Learned a level 4 spell: Petrify
   537 | D        | Learned a level 3 spell: Mephitic Cloud
   542 | D        | Found a glowing silver altar of Zin.
   542 | D        | Found a glowing golden altar of the Shining One.
   542 | D        | Found a white marble altar of Elyvilon.
   542 | D        | Noticed a deep elf mage
   544 | D        | Killed a deep elf mage
   544 | D        | Reached * piety under Vehumet
   544 | D        | Offered knowledge of Freeze by Vehumet.
   545 | D        | Reached skill level 12 in Spellcasting
   545 | D        | Reached XP level 6. HP: 32/32 MP: 7/23
   545 | D        | Reached XP level 7. HP: 36/36 MP: 7/24
   633 | D        | Found a hide-covered altar of Uskayaw.
   633 | D        | Found a roughly hewn altar of Beogh.
   633 | D        | Found an iron altar of Okawaru.
   633 | D        | Found a bloodstained altar of Trog.
   633 | D        | Found an ornate altar of the Wu Jian Council.
   633 | D        | Noticed a human
   633 | D        | Noticed a human
   636 | D        | Killed a human
   637 | D        | Reached skill level 13 in Spellcasting
   637 | D        | Killed a human
   718 | D        | Reached ** piety under Vehumet
   718 | D        | Offered knowledge of Searing Ray by Vehumet.
   718 | D        | Noticed a shadow
   721 | D        | Killed a shadow
   722 | D        | Reached skill level 5 in Dodging
   722 | D        | Reached skill level 14 in Spellcasting
   722 | D        | Reached XP level 8. HP: 41/41 MP: 8/28
   817 | D        | Found a blossoming altar of Fedhas.
   817 | D        | Found a stormy altar of Qazlal.
   817 | D        | Found a snail-covered altar of Cheibriados.
   817 | D        | Found a burning altar of Makhleb.
   817 | D        | Found a shimmering altar of Xom.
   818 | D        | Found a hazy altar of Hepliaklqana.
   818 | D        | Found an opulent altar of Gozag.
   818 | D        | Found a sparkling altar of Nemelex Xobeh.
   818 | D        | Found a corrupted altar of Lugonu.
   818 | D        | Found a viscous altar of Jiyva.
   900 | D        | Offered knowledge of Frozen Ramparts by Vehumet.
   901 | D        | Reached *** piety under Vehumet
   902 | D        | Reached skill level 15 in Spellcasting
  1020 | D        | Noticed a two-headed ogre
  1025 | D        | Killed a two-headed ogre
  1025 | D        | Offered knowledge of Airstrike by Vehumet.
  1033 | D        | Noticed Erolcha
  1036 | D        | Noticed a two-headed ogre
  1039 | D        | Killed Erolcha
  1039 | D        | Killed a two-headed ogre
  1039 | D        | Reached **** piety under Vehumet
  1040 | D        | Reached skill level 17 in Spellcasting
  1040 | D        | Reached skill level 1 in Conjurations
  1040 | D        | Reached skill level 1 in Air Magic
  1040 | D        | Reached skill level 15 in Earth Magic
  1040 | D        | Reached skill level 1 in Poison Magic
  1040 | D        | Reached XP level 9. HP: 45/45 MP: 5/32
  1161 | D        | Noticed a wandering mushroom
  1165 | D        | Noticed a wandering mushroom
  1168 | D        | Killed a wandering mushroom
  1169 | D        | Reached skill level 18 in Spellcasting
  1170 | D        | Noticed a wandering mushroom
  1176 | D        | Killed a wandering mushroom
  1181 | D        | Killed a wandering mushroom
  1182 | D        | Reached skill level 1 in Evocations
  1306 | D        | Found Ogearch's Distillery.
  1306 | D        | Noticed an orc sorcerer
  1309 | D        | Offered knowledge of Hailstorm by Vehumet.
  1309 | D        | Reached ***** piety under Vehumet
  1311 | D        | Killed an orc sorcerer
  1312 | D        | Reached XP level 10. HP: 50/50 MP: 24/34
  1321 | D        | Reached ****** piety under Vehumet
  1322 | D        | Reached skill level 19 in Spellcasting
  1419 | D        | Bought a potion of heal wounds for 65 gold pieces
  1419 | D        | Bought a potion of flight for 39 gold pieces
  1419 | D        | Bought a potion of heal wounds for 65 gold pieces
  1431 | D        | Noticed a deep elf mage
  1431 | D        | Noticed a deep elf mage
  1431 | D        | Noticed a deep elf mage
  1431 | D        | Noticed a deep elf mage
  1431 | D        | Noticed a deep elf mage
  1438 | D        | Killed a deep elf mage
  1440 | D        | Killed a deep elf mage
  1442 | D        | Killed a deep elf mage
  1443 | D        | Killed a deep elf mage
  1443 | D        | Killed a deep elf mage
  1444 | D        | Reached skill level 20 in Spellcasting
  1567 | D        | Noticed a deep elf high priest
  1569 | D        | Noticed a deep elf blademaster
  1571 | D        | Killed a deep elf high priest
  1571 | D        | Offered knowledge of Iskenderun's Mystic Blast by Vehumet.
  1572 | D        | Noticed a deep elf annihilator
  1573 | D        | Killed a deep elf blademaster
  1574 | D        | Reached skill level 21 in Spellcasting
  1574 | D        | Reached XP level 11. HP: 55/55 MP: 30/38
  1574 | D        | Killed a deep elf annihilator
  1575 | D        | Noticed a deep elf annihilator
  1575 | D        | Noticed a deep elf death mage
  1576 | D        | Noticed a deep elf annihilator
  1580 | D        | Killed a deep elf annihilator
  1581 | D        | Reached skill level 22 in Spellcasting
  1582 | D        | Killed a deep elf annihilator
  1651 | D        | Killed a deep elf death mage
  1651 | D        | Noticed a deep elf annihilator
  1694 | D        | Killed a deep elf annihilator
  1695 | D        | Reached skill level 23 in Spellcasting
  1699 | D        | Found the +2 cloak of the Thief {*Fog Slay-2 SInv Stlth+}
  1748 | D        | Identified Ihucic's Incunabulum of Weightlessness
  1758 | D        | Identified the Grimoire of Freezing Confrontation
  1768 | D        | Got a smoking jade amulet
  1782 | D        | Identified the amulet "Xamof" {Faith Dex+2 Stlth+} (You
                  | found it in the Dungeon)
  1854 | D        | Noticed Donald
  1854 | D        | Noticed Frances
  1860 | D        | Noticed a sun demon
  1860 | D        | Killed Frances
  1860 | D        | Offered knowledge of Iskenderun's Battlesphere by Vehumet.
  1862 | D        | Killed Donald
  1863 | D        | Reached skill level 5 in Conjurations
  1863 | D        | Reached skill level 5 in Evocations
  1863 | D        | Reached XP level 12. HP: 35/60 MP: 15/41
  2079 | D        | Reached skill level 24 in Spellcasting
  2187 | D        | Learned a level 5 spell: Bolt of Magma
  2234 | D        | Offered knowledge of Spellforged Servitor by Vehumet.
  2411 | D        | Noticed Urug
  2421 | D        | Killed Urug
  2554 | D        | Offered knowledge of Iron Shot by Vehumet.
  2555 | D        | Reached skill level 25 in Spellcasting
  2557 | D        | Reached skill level 1 in Fighting
  2641 | D        | Learned a level 6 spell: Iron Shot
  2642 | D        | Noticed Rupert
  2643 | D        | Paralysed by Rupert for 2 turns
  2648 | D        | Killed Rupert
  2729 | D        | Noticed a death yak
  2730 | D        | Offered knowledge of Yara's Violent Unravelling by Vehumet.
  2732 | D        | Killed a death yak
  2732 | D        | Noticed a death yak
  2735 | D        | Noticed a death yak
  2737 | D        | Killed a death yak
  2737 | D        | Killed a death yak
  2737 | D        | Noticed a death yak
  2738 | D        | Reached skill level 26 in Spellcasting
  2741 | D        | Killed a death yak
  2882 | D        | Noticed an azure jelly
  2882 | D        | Noticed an azure jelly
  2900 | D        | Offered knowledge of Ozocubu's Refrigeration by Vehumet.
  2989 | D        | Found Kowezom's Book Shoppe.
  2989 | D        | Found Ikyv's Distillery.
  2991 | D        | Found Touneof's Antique Armour Emporium.
  2999 | D        | Reached XP level 13. HP: 64/64 MP: 21/45
  3257 | D        | Bought a glowing scarf for 208 gold pieces
  3280 | D        | Noticed the 27-headed Lernaean hydra
  3290 | D        | Slain by the 27-headed Lernaean hydra

Illustrated notes

Levels and vault maps discovered:
D:        dungeon_sprint_mu [sprint_mu_entry_cave, sprint_mu_temple_rooms,
          sprint_mu_d1_spiders, sprint_mu_d2_genie, sprint_mu_d3_branching,
          sprint_mu_orc_legion, sprint_mu_elf_gauntlet, sprint_mu_hive_nellie,
          sprint_mu_lair_fedhas, sprint_mu_vaults_butterflies,
          sprint_mu_slime_circle, sprint_mu_swamp_cave, sprint_mu_shoals_kraken,
          sprint_mu_blade_basic, sprint_mu_crypt_chambers,
          sprint_mu_tomb_spiral, sprint_mu_vestibule_basic,
          sprint_mu_gehenna_hellfire, sprint_mu_dis_giant,
          sprint_mu_tartarus_statrot, sprint_mu_cocytus_islands, sprint_mu_zot1]

Skill      XL: |  1  2  3  4  5  6  7  8  9 10 11 12 13 |
---------------+----------------------------------------+-----
Stealth        | 4 |  4.6
Earth Magic    | 5 7 9 12 13 15 16 19 21 22 23 | 23.0
Dodging        | 3 4 5 |  5.5
Spellcasting   | 4 6 9 12 14 17 18 21 23 26 | 26.4
Transmutations | 2 3 |  3.5
Conjurations   | 1 2 3 5 6 |  6.8
Air Magic      | 1 2 |  2.7
Poison Magic   | 1 2 3 |  3.5
Evocations     | 1 3 5 |  5.0
Fighting       | 1 |  1.1

Action                   |  1- 3 |  4- 6 |  7- 9 | 10-12 | 13-15 || total
-------------------------+-------+-------+-------+-------+-------++-------
Melee: Staff             |       |       |       |       |     3 ||     3
       Kick              |       |       |       |       |     1 ||     1
 Cast: Sandblast         |    20 |     7 |       |     1 |     1 ||    29
       Passwall          |     1 |       |       |       |       ||     1
       Lee's Rapid Decon |       |     2 |    23 |    76 |       ||   101
       Mephitic Cloud    |       |       |     3 |     7 |       ||    10
       Stone Arrow       |       |       |    11 |     5 |       ||    16
       Petrify           |       |       |       |     7 |     1 ||     8
       Iron Shot         |       |       |       |     5 |     2 ||     7
       Bolt of Magma     |       |       |       |       |     1 ||     1
Evoke: Lightning rod     |       |       |     1 |     8 |       ||     9
       Wand              |       |       |       |     1 |       ||     1
  Use: Potion            |     2 |       |       |     2 |     2 ||     6
       Scroll            |       |       |     2 |       |       ||     2
Armor: Robe              |       |       |       |       |     1 ||     1
Dodge: Dodged            |     8 |     1 |     3 |    13 |     6 ||    31
       Rpst.: Long sword |       |       |       |     2 |       ||     2

Table legend: (Time is in decaauts)
 A = Elapsed time spent in this place.
 B = Non-inter-level travel time spent in this place.
 C = Inter-level travel time spent in this place.
 D = Time resting spent in this place.
 E = Time spent auto-exploring this place.
 F = Levels seen in this place.
 G = Mean time per level.
                   A        B        C        D        E       F      G
               +--------+--------+--------+--------+--------+-----+--------+
         Total |   3316 |   3250 |     66 |   2224 |     77 |   1 | 3316.0 |
       Dungeon |   3316 |   3250 |     66 |   2224 |     77 |   1 | 3316.0 |
               +--------+--------+--------+--------+--------+-----+--------+

Top non-repeatable levels by time:
       D: 3316 daAuts
